 Dungeon Crawl Stone Soup version 0.27-a0-522-g46bbb28828 (webtiles) character file.

Game seed: 6934000357184168541

1232 kae the Cleaver (level 8, -1/71 HPs)
             Began as a Hill Orc Fighter on Mar 4, 2021.
             Was an Initiate of Okawaru.
             Slain by a white ugly thing (8 damage)
             ... on level 7 of the Dungeon.
             The game lasted 00:03:09 (6595 turns).

kae the Cleaver (Hill Orc Fighter)                  Turns: 6595, Time: 00:03:10

Health: -1/71      AC:  8    Str: 21    XL:     8   Next: 48%
Magic:  8/8        EV:  7    Int:  8    God:    Okawaru [......]
Gold:   228        SH:  9    Dex: 10    Spells: 4/7 levels left

rFire    . . .     SeeInvis .   a - +1 war axe
rCold    . . .     Faith    .   c - +0 kite shield
rNeg     . . .     Spirit   .   b - +1 scale mail
rPois    .         Reflect  .   (no helmet)
rElec    .         Harm     .   (no cloak)
rCorr    .         Rampage  .   (no gloves)
Will     .....                  (no boots)
Stlth    ..........             (no amulet)
HPRegen  0.21/turn              (no ring)
MPRegen  0.11/turn              (no ring)

@: mighty
A: no striking features
a: Renounce Religion


You were on level 7 of the Dungeon.
You worshipped Okawaru.
Okawaru was noncommittal.
You visited 2 branches of the dungeon, and saw 8 of its levels.

You collected 228 gold pieces.

Inventory:

Hand Weapons
 a - a +1 war axe (weapon)
Armour
 b - a +1 scale mail (worn)
 c - a +0 kite shield (worn)
Jewellery
 q - a ring of wizardry
 r - a ring of magical power
Scrolls
 i - a scroll of teleportation
 m - 2 scrolls of enchant weapon
 n - a scroll of enchant armour
 o - a scroll of fear
Potions
 d - a potion of might
 e - 2 potions of lignification
 f - 4 potions of heal wounds
 g - a potion of mutation
 h - 6 potions of curing {unknown}
 j - a potion of attraction {unknown}
 k - 2 potions of cancellation {unknown}
 l - a potion of flight {unknown}


   Skills:
 + Level 6.8 Fighting
 * Level 9.3 Axes
 + Level 6.1 Armour
 - Level 3.2 Shields
 + Level 2.2 Fire Magic
 + Level 0.4 Invocations


You had 4 spell levels left.
You knew the following spells:

 Your Spells              Type           Power        Failure   Level
a - Conjure Flame         Conj/Fire      1%           100%        3

Your spell library contained the following spells:

 Spells                   Type           Power        Failure   Level
 Beastly Appendage        Tmut           0%           99%         1
 Magic Dart               Conj           0%           99%         1
 Blink                    Tloc           N/A          100%        2
 Call Imp                 Summ           0%           100%        2
 Slow                     Hex            0%           100%        2
 Wereblood                Tmut           0%           100%        2
 Mephitic Cloud           Conj/Pois/Air  0%           100%        3
 Spider Form              Tmut/Pois      0%           100%        3
 Ice Form                 Ice/Tmut       0%           100%        4
 Blade Hands              Tmut           0%           100%        5


Dungeon Overview and Level Annotations

Branches:
Dungeon (7/15)             Temple (1/1) D:6

Altars:
Ashenzari
Elyvilon
Fedhas
Gozag
Hepliaklqana
Kikubaaqudgha
Nemelex Xobeh
Okawaru
Qazlal
Ru
Sif Muna
Trog
Uskayaw
Vehumet
Xom
Yredelemnul
Zin

Shops:
D:6 [


Message History

The orc priest mumbles some strange prayers to Beogh against you.
Beogh smites you!
You hear a horrible gurgling sound!
Found a glaive.
You see here 26 arrows.
You barely miss the adder.
The adder is moderately wounded.
The adder bites you but does no damage.
You feel very mighty all of a sudden. You block the adder's attack.
The leopard gecko hisses menacingly.
The adder bites you but does no damage.
The orc priest mumbles some strange prayers to Beogh against you.
Beogh smites you!
You hit the adder.
The adder is severely wounded.
You block the adder's attack.
A white ugly thing comes into view.
The orc priest casts a cantrip, but nothing happens.
The white ugly thing gurgles horribly!
You hit the adder.
You kill the adder!
Okawaru accepts your kill.
The leopard gecko bites you but does no damage.
You slice the leopard gecko!!
You kill the leopard gecko!
Okawaru accepts your kill.
You slash the jelly!
You kill the jelly!
Okawaru accepts your kill. The white ugly thing punches you!
* * * LOW HITPOINT WARNING * * *
The white ugly thing freezes you!
* * * LOW HITPOINT WARNING * * *
Things that are here:
15 gold pieces; a leopard gecko corpse; an adder corpse
As you read the scroll of magic mapping, it crumbles to dust.
You feel aware of your surroundings.
You sensed 4 altars.
The white ugly thing punches you!
You die...

...<#..###..#.##.#.#
....รท..............###
..............(......#
..............##.#.#.#
........####.....#.#.####
.......##,..###.........#
.......#,,*#?"##.#.#.####
.......#,**,#Zo#.#.#.#
.......#,*,,*#?#@..#.#
,,,,,,,,*,*#o.#u#..#.#
,,,,,,,,*,,#.##(#.>#.#
,,,*,,,,**!.##!?#..#.#***
,,,,,,,,,###)($##.....,,*
,,,,,,,,,,..###*...#.****
,,,,,>**...,,,,,.#(#.#
,,,,,,**..,**,*#.#.#,#
,,,,*,,,.,,,,,,,,,,*,*


You could see a white ugly thing.

Vanquished Creatures
  Eustachio (D:6)
  2 ice beasts
  2 ogres (D:4)
  Blork the orc (D:4)
  A phantom (D:6)
  A bullfrog (D:6)
  A scorpion (D:4)
  A centaur skeleton (D:4)
  A hound (D:6)
  A jelly (D:7)
  2 iguanas
  Terence (D:3)
  A worker ant (D:4)
  Natasha (thrice) (D:2)
  7 gnolls
  7 adders
  A white imp (D:5)
  2 ufetubi
  An ooze (D:1)
  An adder skeleton (D:7)
  An adder zombie (D:6)
  3 worms
  2 dart slugs
  3 leopard geckos
  3 orcs
  7 bats
  3 giant cockroaches
  6 goblins
  9 hobgoblins
  4 jackals (D:1)
  3 kobolds
  2 quokkas (D:3)
  A ball python (D:3)
  2 frilled lizards
  A giant cockroach zombie (D:6)
  A jackal skeleton (D:4)
  7 rats
96 creatures vanquished.

Notes
Turn   | Place    | Note
-------+----------+-------------------------------------------
     0 | D:1      | kae the Hill Orc Fighter began the quest for the Orb.
     0 | D:1      | Reached XP level 1. HP: 19/19 MP: 1/1
   148 | D:1      | Reached skill level 3 in Axes
   148 | D:1      | Reached XP level 2. HP: 26/27 MP: 2/2
   619 | D:1      | Reached XP level 3. HP: 33/33 MP: 3/3
  1026 | D:2      | Found a broken altar of Ashenzari.
  1034 | D:2      | Reached skill level 4 in Axes
  1096 | D:2      | Noticed Natasha
  1109 | D:2      | Killed Natasha
  1110 | D:2      | Reached XP level 4. HP: 27/40 MP: 4/4
  1111 | D:2      | Noticed Natasha
  1118 | D:2      | Killed Natasha
  1345 | D:2      | Reached skill level 5 in Axes
  1352 | D:2      | Reached XP level 5. HP: 24/47 MP: 5/5
  2189 | D:2      | Noticed Natasha
  2194 | D:2      | Killed Natasha
  2334 | D:3      | Reached skill level 5 in Fighting
  2334 | D:3      | Reached skill level 6 in Axes
  2334 | D:3      | Reached XP level 6. HP: 21/56 MP: 6/6
  3094 | D:3      | Noticed Terence
  3106 | D:3      | Killed Terence
  4036 | D:4      | Noticed Blork the orc
  4044 | D:4      | Killed Blork the orc
  4045 | D:4      | Reached skill level 7 in Axes
  4045 | D:4      | Reached skill level 5 in Armour
  4045 | D:4      | Reached XP level 7. HP: 46/61 MP: 7/7
  4605 | D:5      | Entered Level 5 of the Dungeon
  4639 | D:5      | Reached skill level 8 in Axes
  4824 | D:5      | Learned a level 3 spell: Conjure Flame
  5153 | D:6      | Found Kiewemuywy's Antique Armour Shop.
  5330 | D:6      | Noticed Eustachio
  5340 | D:6      | Killed Eustachio
  5341 | D:6      | Reached skill level 1 in Fire Magic
  5341 | D:6      | Reached XP level 8. HP: 61/71 MP: 8/8
  6094 | D:6      | Reached skill level 9 in Axes
  6119 | D:6      | Found a staircase to the Ecumenical Temple.
  6206 | Temple   | Entered the Ecumenical Temple
  6482 | Temple   | Became a worshipper of Warmaster Okawaru
  6589 | D:7      | Noticed a white ugly thing
  6595 | D:7      | Slain by a white ugly thing

Illustrated notes

Levels and vault maps discovered:
D:1:      lemuel_arrival_muddy, layout_basic
D:2:      layout_rooms, ashenzari_conservatory_becter, uniq_natasha
D:3:      layout_loops_ring, uniq_terence
D:4:      layout_loops_ring, grunt_ministairs_14, uniq_blork_the_orc
D:5:      layout_cave_pools
D:6:      layout_basic, temple_hall, serial_shops, shop,
          serial_co_window_serial, co_window_paths_a, co_window_corner_a,
          co_window_paths_a, co_window_paths_a, co_window_paths_b,
          co_window_of_opportunity_a, co_window_paths_b,
          co_window_unsneaky_path_c, co_window_corner_cb, co_window_cross_2,
          co_window_4corner_a, glass_columns_a, uniq_eustachio
D:7:      layout_basic, lemuel_crystal_altar, gammafunk_temple_overflow_statue,
          basic_altar, minmay_misc_feat_doors, serial_bayou_pond_c,
          minmay_alternating_orb, uniq_pikel
Temple:   eino_temple_scatter_basement

Skill      XL: |  1  2  3  4  5  6  7  8 |
---------------+-------------------------+-----
Axes           | 3 4 5 6 7 8 9 |  9.3
Fighting       | 4 5 6 |  6.8
Armour         | 4 5 6 |  6.1
Fire Magic     | 1 2 |  2.2
Shields        | |  3.2
Invocations    | |  0.4

Action                   |  1- 3 |  4- 6 |  7- 9 || total
-------------------------+-------+-------+-------++-------
Melee: War axe           |    82 |   169 |   111 ||   362
  Use: Scroll            |     2 |     6 |     3 ||    11
       Potion            |       |     1 |     1 ||     2
Armor: Scale mail        |    53 |    65 |    53 ||   171
Dodge: Dodged            |    29 |    45 |    33 ||   107
Block: Kite shield       |    50 |    85 |    59 ||   194

Table legend: (Time is in decaauts)
 A = Elapsed time spent in this place.
 B = Non-inter-level travel time spent in this place.
 C = Inter-level travel time spent in this place.
 D = Time resting spent in this place.
 E = Time spent auto-exploring this place.
 F = Levels seen in this place.
 G = Mean time per level.
                   A        B        C        D        E       F      G
               +--------+--------+--------+--------+--------+-----+--------+
         Total |   6754 |   6503 |    251 |    374 |   5292 |   8 |  844.2 |
       Dungeon |   6456 |   6233 |    223 |    374 |   5030 |   7 |  922.3 |
        Temple |    297 |    270 |     27 |      0 |    262 |   1 |  297.0 |
               +--------+--------+--------+--------+--------+-----+--------+

Top non-repeatable levels by time:
     D:1: 1488 daAuts
     D:3: 1316 daAuts
     D:6: 1090 daAuts
     D:4: 1074 daAuts
     D:2: 856 daAuts
     D:5: 550 daAuts
  Temple: 297 daAuts
     D:7: 80 daAuts
